[Event "FIDE WCCC Open-12 2024"]
[Site "Montesilvano"]
[Date "2024.11.20"]
[Round "6.22"]
[White "Yerzhanuly Yernur"]
[Black "Obidov, Biloliddin"]
[Result "1-0"]
[ECO "D02"]
[WhiteElo "1917"]
[BlackElo "2088"]
[Annotator "NA RC"]
[PlyCount "77"]
[EventDate "2024.11.18"]
[EventType "swiss"]
[EventCountry "ITA"]
[SourceTitle "playchess.com"]
[Source "ChessBase"]
[SourceQuality "1"]
[TimeControl "5400+30"]

1. d4 Nf6 2. Bf4 d5 3. e3 c5 4. Nf3 Nc6 5. Nbd2 cxd4 6. exd4 {[%emt 0:00:26] D02: 1 d4 d5 2 Nf3 sidelines, including 2...Nf6 3 g3 and 2...Nf6 3 Bf4.} Bf5 7. Bb5 Qb6 8. c4 dxc4 9. a4 Bd3 10. Ne5 e6 11. Ndxc4 Bb4+ 12. Bd2 Bxc4 13. Nxc4 Bxd2+ 14. Qxd2 Qc7 15. Qb4 Rd8 16. Ne5 Nd5 17. Qc5 Nde7 18. Qxa7 O-O 19. Nxc6 Nxc6 20. Bxc6 Qxc6 21. O-O Rd5 22. Rac1 Qd7 23. Rc4 Qe7 24. h3 h6 25. Rfc1 Rd7 26. Qc5 Qd8 27. Qb5 Kh7 28. Rc8 Qe7 29. Rxf8 Rxd4 30. Rfc8 Qd6 31. Qxb7 Rf4 32. a5 Qd2 $18 33. Qb6 Rf5 34. a6 Rg5 35. a7 Qd5 36. a8=Q Rxg2+ 37. Kf1 Rxf2+ 38. Qxf2 Qd3+ 39. Ke1 1-0

[Event "FIDE WCCC Open-12 2024"]
[Site "Montesilvano"]
[Date "2024.11.20"]
[Round "6.35"]
[White "Liu, Richard Jingjie"]
[Black "Nguyen, Anh Khoi"]
[Result "0-1"]
[ECO "C02"]
[WhiteElo "1795"]
[BlackElo "2520"]
[Annotator "TA"]
[PlyCount "56"]
[EventDate "2024.11.18"]
[EventType "swiss"]
[EventCountry "ITA"]
[SourceTitle "playchess.com"]
[Source "ChessBase"]
[SourceQuality "1"]
[TimeControl "5400+30"]

1. e4 e6 2. d4 d5 3. e5 c5 4. c3 Nc6 5. Nf3 Bd7 6. a3 Nge7 7. Bd3 cxd4 8. cxd4 Nf5 9. Bxf5 {[%emt 0:00:01] White has an edge.} exf5 10. Nc3 Be6 $1 11. O-O Be7 12. Ne1 Qb6 13. Nc2 O-O 14. Kh1 Rac8 15. f4 Na5 (15... f6 $5) 16. Ne3 Rfd8 17. g4 Nc4 (17... Nb3 $11 18. gxf5 Nxa1 19. fxe6 fxe6) 18. Na4 $14 {[%emt 0:12:56] Excellent horsemanship.} (18. gxf5 Nxe3 (18... Nxb2 $2 19. Bxb2 Qxb2 20. Na4 $18) 19. Bxe3 Bxf5 $19) 18... Qc7 19. Nxf5 Bxf5 20. gxf5 Qd7 21. b3 Na5 {[%emt 0:00:09][%cal Bc4a5,Ba5c6,Bc6d4,Bd4f3][%mdl 32] [#]} 22. Bd2 (22. Qd3 $1 $16) 22... Nc6 $11 23. f6 gxf6 24. Rg1+ Kh8 25. Qh5 {[%emt 0:00:00] Inhibits Qf5.} (25. Be3 $11 {remains equal.}) 25... Rg8 (25... Nxd4 $17 {And now ...Nf5 would win.} 26. Qxf7 Nf5) 26. Qxf7 (26. Be3 $11) 26... Nxd4 $17 {[%emt 0:05:36][%cal Od7h3] aiming for ...Qh3!} 27. exf6 $2 {[%emt 0:00:00][%mdl 8192] [#]} (27. Raf1 $17 Ne2 (27... Nxb3 28. Bb4 $11) 28. Rxg8+ Rxg8 29. Qh5) 27... Qh3 $1 $19 28. Raf1 {[%emt 0:00:00] Prevents Qf3+.} (28. Qg7+ Rxg7) 28... Nf3 {[%emt 0:00:37] Weighted Error Value: White=0.86/Black=0.18 (very precise) .  Loses game:     	White=1     	---        Mistake:       	White=3     	Black=2      Inaccurate:     	White=2     	Black=1      OK:         	White=6     	Black=7      Best:        	White=2     	Black=2      Strong:       	---       	Black=2} (28... Bxa3 29. Bc3 Nf5 (29... Nxb3 30. Qxg8+ Rxg8 31. f7+ d4 32. fxg8=Q#) 30. Qxg8+ Rxg8 31. f7+ Rg7 32. Bxg7+ Nxg7 33. Re1 $11) 0-1

[Event "FIDE WCCC Open-12 2024"]
[Site "Montesilvano"]
[Date "2024.11.20"]
[Round "6.43"]
[White "Sason, Noam"]
[Black "Wang, Zihao(Sh)"]
[Result "0-1"]
[ECO "A08"]
[WhiteElo "2017"]
[BlackElo "1838"]
[Annotator "RC"]
[PlyCount "130"]
[EventDate "2024.11.18"]
[EventType "swiss"]
[EventCountry "ITA"]
[SourceTitle "playchess.com"]
[Source "ChessBase"]
[SourceQuality "1"]
[TimeControl "5400+30"]

1. Nf3 Nf6 2. g3 g6 3. Bg2 Bg7 4. O-O O-O 5. d3 d5 6. Nbd2 Re8 7. e4 e5 8. exd5 Nxd5 9. Re1 c5 10. Nc4 Nc6 11. a4 b6 12. Ng5 f6 13. Ne4 Be6 14. Ned6 Rf8 15. f4 Qd7 16. c3 Rab8 17. Qf3 Nde7 18. Ne4 Bxc4 19. dxc4 f5 20. Nf2 e4 21. Qe2 Na5 22. Be3 Rfd8 23. Bf1 Qe6 24. Rad1 Kf7 25. Rxd8 Rxd8 26. Rd1 Rxd1 27. Nxd1 Nc8 28. Bf2 Qd7 29. Qc2 Ne7 30. Ne3 Qd6 31. Be2 Bf6 32. Kf1 h6 33. Qd1 Ke6 34. Ke1 Qc6 35. g4 Nb7 36. gxf5+ gxf5 37. Bh5 Qd6 38. Nd5 Nd8 39. Nxf6 Qxd1+ 40. Kxd1 Kxf6 41. Kd2 Ke6 42. b4 Nb7 43. Be8 a5 44. Bb5 Kd6 45. h4 Nc6 46. bxa5 Ncxa5 47. h5 Ke6 48. Bh4 Nd6 49. Bd8 Naxc4+ 50. Ke2 Nxb5 51. axb5 Kd7 52. Bf6 Nd6 53. Bg7 Nxb5 54. Kd2 Ke6 55. Bxh6 Kf7 56. Bg5 Nd6 57. Ke2 b5 58. Bd8 Nb7 59. Bh4 Kg7 60. Bg5 c4 61. Ke3 Nc5 62. Kd4 Ne6+ 63. Ke5 Nxg5 64. fxg5 e3 65. h6+ Kg6 0-1

[Event "FIDE WCCC Open-12 2024"]
[Site "Montesilvano"]
[Date "2024.11.20"]
[Round "6.51"]
[White "Petrovski, Nikola"]
[Black "Macia Tell, Dario"]
[Result "1-0"]
[ECO "B51"]
[WhiteElo "1829"]
[BlackElo "1520"]
[Annotator "NA RC"]
[PlyCount "73"]
[EventDate "2024.11.18"]
[EventType "swiss"]
[EventCountry "ITA"]
[SourceTitle "playchess.com"]
[Source "ChessBase"]
[SourceQuality "1"]
[TimeControl "5400+30"]

1. e4 c5 2. Nf3 d6 3. Bb5+ Nd7 4. c4 g6 5. Nc3 Bg7 6. O-O Ngf6 7. d3 O-O 8. h3 e5 9. Be3 a6 10. Ba4 Nb6 11. Bc2 Be6 12. Qd2 Rc8 13. Bh6 Qd7 14. Bxg7 Kxg7 15. Rad1 Rh8 16. Ng5 Rcf8 17. f4 h6 18. Nf3 exf4 19. Qxf4 g5 20. Nxg5 Nh5 21. Qh4 Nf6 22. Rxf6 Kxf6 23. Nh7+ Kg7 24. Nxf8 Rxf8 25. Rf1 f5 26. Nd5 Nxd5 27. cxd5 Bg8 28. exf5 Bxd5 29. f6+ Kh7 30. d4+ Kg8 31. Qxh6 Rf7 32. Qg5+ Kf8 33. Qxd5 Qb5 34. Qxd6+ Kg8 35. Qd8+ Rf8 36. f7+ Kg7 37. Qf6# 1-0

[Event "FIDE WCCC Open-12 2024"]
[Site "Montesilvano"]
[Date "2024.11.20"]
[Round "6.52"]
[White "Kozhedub, Ivan"]
[Black "Huang, Hao-Xuan"]
[Result "1-0"]
[ECO "C28"]
[WhiteElo "1826"]
[BlackElo "1516"]
[Annotator "NA RC"]
[PlyCount "51"]
[EventDate "2024.11.18"]
[EventType "swiss"]
[EventCountry "ITA"]
[SourceTitle "playchess.com"]
[Source "ChessBase"]
[SourceQuality "1"]
[TimeControl "5400+30"]

1. e4 e5 2. Nc3 Nf6 3. Bc4 Nc6 4. d3 Bb4 5. Nge2 O-O 6. O-O d6 7. Bg5 h6 8. Bxf6 Qxf6 9. Nd5 Qd8 10. f4 Bc5+ 11. Kh1 Bg4 12. Qe1 Qd7 13. f5 Bxe2 14. Qxe2 Nd4 15. Qh5 c6 16. Nf6+ gxf6 17. Qg6+ Kh8 18. Qxh6+ Kg8 19. Qg6+ Kh8 20. Qxf6+ Kg8 21. Qg5+ Kh7 22. f6 Ne6 23. Bxe6 fxe6 24. Rf3 Kh8 25. Rh3+ Qh7 26. Qg7# 1-0

[Event "FIDE WCCC Open-12 2024"]
[Site "Montesilvano"]
[Date "2024.11.20"]
[Round "6.56"]
[White "Wang, Luis"]
[Black "Son, Juwon"]
[Result "1-0"]
[ECO "A45"]
[WhiteElo "1751"]
[BlackElo "1448"]
[Annotator "NA RC"]
[PlyCount "79"]
[EventDate "2024.11.18"]
[EventType "swiss"]
[EventCountry "ITA"]
[SourceTitle "playchess.com"]
[Source "ChessBase"]
[SourceQuality "1"]
[TimeControl "5400+30"]

1. d4 Nf6 2. Bf4 c5 3. e3 Qb6 4. dxc5 Qxb2 5. Nd2 e5 6. Bg3 Bxc5 7. Bc4 Bb4 8. Ngf3 Nc6 9. Rb1 Qc3 10. O-O e4 11. Rb3 exf3 12. Rxc3 fxg2 13. Kxg2 Bxc3 14. Nb1 Be5 15. Bb3 Bxg3 16. hxg3 O-O 17. Rh1 Rd8 18. Nc3 Na5 19. Nd5 Nxd5 20. Bxd5 g6 21. Bxf7+ Kg7 22. Bxg6 hxg6 23. Qd4+ Kf7 24. Rh7+ Ke6 25. Qe4+ Kd6 26. Qb4+ Kc7 27. Qxa5+ b6 28. Qe5+ Kb7 29. Qg5 Ka6 30. f3 Bb7 31. Qxg6 Re8 32. Qd3+ b5 33. Qxd7 Rab8 34. Rh6+ Ka5 35. Qc7+ Ka4 36. Rh4+ b4 37. Qd7+ Ka3 38. Qd3+ Kxa2 39. Qb3+ Ka1 40. Rh1# 1-0

[Event "FIDE WCCC Open-12 2024"]
[Site "Montesilvano"]
[Date "2024.11.20"]
[Round "6.57"]
[White "Sharafutdinov, Timur"]
[Black "Mikolavicius, Julius"]
[Result "0-1"]
[ECO "B50"]
[WhiteElo "1925"]
[BlackElo "1746"]
[Annotator "RC"]
[PlyCount "76"]
[EventDate "2024.11.18"]
[EventType "swiss"]
[EventCountry "ITA"]
[SourceTitle "playchess.com"]
[Source "ChessBase"]
[SourceQuality "1"]
[TimeControl "5400+30"]

1. e4 c5 2. Nf3 d6 3. c3 Nf6 4. Be2 Nbd7 5. d3 e6 6. Bg5 Be7 7. Nbd2 b6 8. O-O Bb7 9. Nc4 d5 10. exd5 exd5 11. Nce5 O-O 12. d4 Ne4 13. Bxe7 Qxe7 14. Bd3 Nxe5 15. Nxe5 f6 16. Bxe4 dxe4 17. Qb3+ Kh8 18. Ng4 Qd7 19. Ne3 cxd4 20. Rad1 d3 21. Nc4 Rac8 22. Nd2 f5 23. Rfe1 Qc6 24. f3 Qc5+ 25. Kh1 e3 26. Nf1 e2 27. Rd2 Qf2 28. Rdd1 Rce8 29. h3 exd1=Q 30. Rxd1 Re1 31. Rxe1 Qxe1 32. Kh2 Qxf1 33. Qa3 Rg8 34. Qxa7 d2 35. Qxb7 d1=Q 36. Qc7 Qde1 37. Qxg7+ Rxg7 38. g4 Qef2# 0-1

[Event "FIDE WCCC Open-12 2024"]
[Site "Montesilvano"]
[Date "2024.11.20"]
[Round "6.64"]
[White "Boiko, Nazar"]
[Black "Stefanov, Stefan"]
[Result "1-0"]
[ECO "B14"]
[WhiteElo "1614"]
[BlackElo "1478"]
[Annotator "NA RC"]
[PlyCount "80"]
[EventDate "2024.11.18"]
[EventType "swiss"]
[EventCountry "ITA"]
[SourceTitle "playchess.com"]
[Source "ChessBase"]
[SourceQuality "1"]
[TimeControl "5400+30"]

1. e4 c6 2. d4 d5 3. exd5 cxd5 4. c4 Nf6 5. Nc3 Nc6 6. Bg5 e6 7. Nf3 h6 8. Bh4 Be7 9. c5 O-O 10. Bb5 Qc7 11. Bg3 Qa5 12. Bxc6 bxc6 13. O-O Ba6 14. Re1 Nd7 15. a3 Qd8 16. Qc2 Re8 17. b4 Bc4 18. Nd2 Ba6 19. a4 Bh4 20. b5 Bxg3 21. hxg3 Bb7 22. a5 a6 23. bxc6 Bxc6 24. Nf3 Qc7 25. Na4 Bxa4 26. Qxa4 Rac8 27. Rac1 Qc6 28. Qxc6 Rxc6 29. Rb1 Rc7 30. Ne5 Nxe5 31. Rxe5 f6 32. Re2 Kf7 33. f4 e5 34. Rbe1 e4 35. Rb1 Rc6 36. Rb6 Rec8 37. Reb2 Ke7 38. Rb7+ R8c7 39. R2b6 Rxb7 40. Rxb7+ Ke6 1-0

[Event "FIDE WCCC Open-12 2024"]
[Site "Montesilvano"]
[Date "2024.11.20"]
[Round "6.65"]
[White "Mamarasulov, Husan"]
[Black "Andreiev, Andrii"]
[Result "0-1"]
[ECO "D53"]
[WhiteElo "1407"]
[BlackElo "1704"]
[Annotator "NA RC"]
[PlyCount "90"]
[EventDate "2024.11.18"]
[EventType "swiss"]
[EventCountry "ITA"]
[SourceTitle "playchess.com"]
[Source "ChessBase"]
[SourceQuality "1"]
[TimeControl "5400+30"]

1. d4 d5 2. c4 e6 3. Nc3 Nf6 4. Bg5 Be7 5. e3 b6 6. Bd3 h6 7. Bh4 O-O 8. Nge2 Bb7 9. O-O a6 10. f3 c5 11. b3 Nc6 12. Bf2 Rc8 13. a3 e5 14. Bc2 exd4 15. exd4 cxd4 16. Nxd4 dxc4 17. bxc4 Nxd4 18. Bxd4 Rxc4 19. Ne2 Rxd4 20. Nxd4 Bc5 21. Rb1 Qxd4+ 22. Kh1 Rd8 23. Qxd4 Rxd4 24. Rfd1 Kf8 25. Rxd4 Bxd4 26. a4 Ke7 27. a5 b5 28. Rd1 Bc3 29. Bb3 Bxa5 30. Kg1 Bb6+ 31. Kf1 a5 32. Ke2 a4 33. Ba2 b4 34. Kd2 b3 35. Bb1 Kd6 36. Kc3+ Nd5+ 37. Kb2 Kc5 38. Be4 f5 39. Bxf5 Ne3 40. Rc1+ Kb4 41. Be4 a3+ 42. Kb1 a2+ 43. Kb2 Bd4+ 44. Rc3 Bxc3+ 45. Kc1 b2# 0-1